 Dungeon Crawl Stone Soup version 0.29-a0-72-g1732ff48e7 (webtiles) character file.

Game seed: 2688746563084676570

2094 juncz the Cleaver (level 9, -3/80 HPs)
             Began as a Minotaur Berserker on Feb 3, 2022.
             Was a Priest of Trog.
             Slain by a kobold brigand (9 damage)
             ... in a bailey.
             The game lasted 00:12:43 (6949 turns).

juncz the Cleaver (Minotaur Berserker)              Turns: 6949, Time: 00:12:44

Health: -3/80      AC: 10    Str: 25    XL:     9   Next: 7%
Magic:  8/8        EV: 14    Int:  4    God:    Trog [***...]
Gold:   343        SH:  0    Dex: 11    Spells: 8/8 levels left

rFire   . . .      SeeInvis .   a - +0 hand axe
rCold   . . .      Faith    .   (no shield)
rNeg    . . .      Spirit   .   t - +0 steam dragon scales
rPois   .          Reflect  .   (helmet restricted)
rElec   .          Harm     .   (no cloak)
rCorr   .          Rampage  .   c - +0 pair of gloves
Will    .....                   (no boots)
Stlth   ++........              (no amulet)
HPRegen 0.23/turn               k - +4 ring of protection
MPRegen 0.11/turn               (no ring)

@: no status effects
A: horns 2, retaliatory headbutt
a: Renounce Religion, Berserk, Trog's Hand


You were in a bailey.
You worshipped Trog.
Trog was most pleased with you.
You visited 1 branch of the dungeon, and saw 7 of its levels.
You also visited: Bailey.

You collected 343 gold pieces.

Inventory:

Hand Weapons
 a - a +0 hand axe (weapon)
Armour
 b - a +1 animal skin
 c - a +0 pair of gloves (worn)
 t - +0 steam dragon scales (worn)
Jewellery
 k - a +4 ring of protection (left hand)
 p - a ring of poison resistance
Wands
 l - a wand of charming (8)
 r - a wand of flame (11)
Scrolls
 g - a scroll of teleportation
 h - 5 scrolls of identify
 m - 3 scrolls of noise {unknown}
 n - 2 scrolls of magic mapping {unknown}
 q - a scroll of vulnerability {unknown}
 s - a scroll of fog {unknown}
 v - a scroll of fear {unknown}
 w - a scroll of holy word {unknown}
Potions
 d - a potion of might {unknown}
 e - a potion of lignification
 f - a potion of magic {unknown}
 i - 6 potions of curing {unknown}
 j - a potion of heal wounds {unknown}
 o - 2 potions of invisibility {unknown}
 u - a potion of flight {unknown}


   Skills:
 + Level 7.7 Fighting
 + Level 10.4 Axes
 + Level 2.7 Armour
 + Level 6.0 Dodging
 + Level 3.3 Stealth


You had 8 spell levels left.
You didn't know any spells.
Your spell library was empty.

Dungeon Overview and Level Annotations

Branches:
Dungeon (7/15)             Bailey (1/1)
 Temple: D:4-7

Altars:
Dithmenos
Sif Muna
Trog


Innate Abilities, Weirdness & Mutations

You have a pair of horns on your head.
You reflexively headbutt those who attack you in melee.


Message History

The orc warrior is lightly wounded.
You closely miss the orc warrior.
The orc warrior is lightly wounded.
The orc warrior closely misses you.
You closely miss the orc warrior. Your punch misses the orc warrior.
The orc warrior is lightly wounded.
The orc warrior hits you but does no damage.
You closely miss the orc warrior. Your punch misses the orc warrior.
The orc warrior is lightly wounded.
The orc warrior barely misses you.
You slash the orc warrior!
The orc warrior is moderately wounded.
You barely miss the orc warrior.
The orc warrior is moderately wounded.
The orc warrior hits you with a +0 war axe!
You hit the orc warrior.
The orc warrior is moderately wounded.
The orc warrior closely misses you.
You closely miss the orc warrior. Your headbutt misses the orc warrior.
The orc warrior is moderately wounded.
The orc warrior hits you with a +0 war axe!
* * * LOW HITPOINT WARNING * * *
You hit the orc warrior.
The orc warrior is heavily wounded.
The orc warrior hits you with a +0 war axe!
* * * LOW HITPOINT WARNING * * *
You hit the orc warrior.
The orc warrior is severely wounded.
Unknown command.
You completely miss the orc warrior. You headbutt the orc warrior.
The orc warrior is severely wounded.
The orc warrior hits you with a +0 war axe.
* * * LOW HITPOINT WARNING * * *
You slash the orc warrior!
You kill the orc warrior!
Trog accepts your kill.
You hit the kobold brigand but do no damage.
Your headbutt misses the kobold brigand.
The kobold brigand hits you with a +0 war axe!
You die...

#. #≈≈...... #.
.≈≈.......≈ #.
##≈≈.......≈≈ #.
.K≈.......≈≈.
#.###≈≈.......≈≈#
#. ..≈≈.......≈≈.
#.###KK.......≈≈#
#..@KK≈(......≈≈.
#####o≈.......≈≈#
##≈.......≈#
####...#### #...#
#...# #...#
##'''## ##..∩..##


You could see an orc warrior, a kobold brigand and 3 kobolds.

Vanquished Creatures
  Grinder (D:6)
  A steam dragon (D:6)
  An orc warrior (Bailey)
  A necrophage (D:5)
  3 centaurs
  2 phantoms
  3 kobold brigands (Bailey)
  Blork the orc (D:4)
  A bullfrog (D:7)
  A gnoll sergeant (D:6)
  4 scorpions
  A bullfrog zombie (D:5)
  2 jellies
  A centaur skeleton (D:7)
  A hound (D:5)
  Terence (D:3)
  2 iguanas
  An orc wizard (D:7)
  A hound zombie (D:5)
  Robin (D:2)
  8 gnolls
  15 adders
  A white imp (D:5)
  A worm (D:2)
  8 orcs
  5 ball pythons
  11 endoplasms
  3 giant cockroaches
  19 goblins
  11 hobgoblins
  5 jackals
  4 quokkas
  9 bats
  2 frilled lizards (D:3)
  6 kobolds
  A rat (D:2)
139 creatures vanquished.

Notes
Turn   | Place    | Note
-------+----------+-------------------------------------------
     0 | D:1      | juncz the Minotaur Berserker began the quest for the Orb.
     0 | D:1      | Reached XP level 1. HP: 19/19 MP: 0/0
   104 | D:1      | You fall into a shaft and drop 1 floor!
   105 | D:2      | Found a faded altar of an unknown god.
   395 | D:1      | Reached skill level 4 in Axes
   395 | D:1      | Reached XP level 2. HP: 27/27 MP: 1/1
   892 | D:2      | Noticed Robin
   918 | D:2      | Killed Robin
   919 | D:2      | Reached XP level 3. HP: 14/33 MP: 2/2
  1352 | D:2      | Reached ** piety under Trog
  1456 | D:2      | Reached XP level 4. HP: 41/41 MP: 3/3
  1819 | D:2      | Reached skill level 5 in Axes
  2358 | D:3      | Found a shadowy altar of Dithmenos.
  2557 | D:3      | Noticed Terence
  2571 | D:3      | Killed Terence
  2572 | D:3      | Reached XP level 5. HP: 39/47 MP: 4/4
  2686 | D:3      | Found a shimmering blue altar of Sif Muna.
  2852 | D:3      | Reached skill level 1 in Stealth
  3206 | D:4      | Found a bloodstained altar of Trog.
  3215 | D:4      | Reached skill level 5 in Fighting
  3279 | D:4      | Reached skill level 6 in Axes
  3403 | D:4      | Noticed Blork the orc
  3421 | D:4      | Killed Blork the orc
  3422 | D:4      | Reached XP level 6. HP: 26/56 MP: 5/5
  4291 | D:5      | Entered Level 5 of the Dungeon
  4658 | D:5      | Reached XP level 7. HP: 54/61 MP: 6/6
  4728 | D:5      | Reached skill level 7 in Axes
  5017 | D:5      | Reached *** piety under Trog
  5205 | D:6      | Noticed a steam dragon
  5205 | D:6      | Noticed Grinder
  5236 | D:6      | Reached skill level 8 in Axes
  5239 | D:6      | Reached XP level 8. HP: 55/71 MP: 7/7
  5252 | D:6      | Paralysed by Grinder for 2 turns
  5264 | D:6      | Paralysed by Grinder for 3 turns
  5272 | D:6      | Killed Grinder
  5273 | D:6      | Reached skill level 9 in Axes
  5273 | D:6      | Reached skill level 5 in Dodging
  6659 | D:7      | Found a flagged portal.
  6669 | D:7      | Reached skill level 10 in Axes
  6687 | Bailey   | Entered a bailey
  6935 | Bailey   | Reached XP level 9. HP: 49/79 MP: 8/8
  6949 | Bailey   | Slain by a kobold brigand

Illustrated notes

Levels and vault maps discovered:
D:1:      minmay_arrival_four_loops, layout_basic, minmay_3d_cube
D:2:      layout_basic, chequers_ecumenical_altar_simple, uniq_robin
D:3:      layout_loops_ring, marbit_many_paths, mainiacjoe_overflow_alcove_2,
          nicolae_figureground_sparkle, uniq_terence
D:4:      layout_basic, trog_three_pillars_becter, uniq_blork_the_orc
D:5:      layout_basic, minmay_temple_entry_slanted, minivault_5,
          hangedman_decor_peaks_small, kennysheep_small_circle
D:6:      layout_rooms, uniq_grinder
D:7:      layout_loops_ring, mainiacjoe_overflow_brackets, enter_bailey_5
Bailey:   bailey_axe_3, bailey

Skill      XL: |  1  2  3  4  5  6  7  8 |
---------------+-------------------------+-----
Axes           | 4 5 6 8 10 | 10.4
Fighting       | 4 5 6 7 |  7.7
Stealth        | 1 2 3 |  3.3
Dodging        | 3 4 6 |  6.0
Armour         | |  2.7

Action                   |  1- 3 |  4- 6 |  7- 9 || total
-------------------------+-------+-------+-------++-------
Melee: Hand axe          |    59 |   143 |   192 ||   394
       Punch             |     2 |       |     4 ||     6
       Headbutt          |     9 |    23 |    40 ||    72
Invok: Berserk           |     1 |     1 |     1 ||     3
  Use: Scroll            |     1 |     3 |       ||     4
 Stab: Distracted        |       |     2 |       ||     2
       Sleeping          |       |     4 |       ||     4
Armor: Animal skin       |    30 |    36 |    37 ||   103
       Steam dragon scal |       |       |    24 ||    24
Dodge: Dodged            |    41 |    87 |   138 ||   266

Table legend: (Time is in decaauts)
 A = Elapsed time spent in this place.
 B = Non-inter-level travel time spent in this place.
 C = Inter-level travel time spent in this place.
 D = Time resting spent in this place.
 E = Time spent auto-exploring this place.
 F = Levels seen in this place.
 G = Mean time per level.
                   A        B        C        D        E       F      G
               +--------+--------+--------+--------+--------+-----+--------+
         Total |   6947 |   6795 |    152 |   1827 |   4018 |   8 |  868.4 |
       Dungeon |   6693 |   6541 |    152 |   1627 |   4014 |   7 |  956.1 |
        Bailey |    253 |    253 |      0 |    200 |      4 |   1 |  253.0 |
               +--------+--------+--------+--------+--------+-----+--------+

Top non-repeatable levels by time:
     D:6: 1411 daAuts
     D:4: 1216 daAuts
     D:2: 1174 daAuts
     D:3: 1059 daAuts
     D:5: 880 daAuts
     D:1: 863 daAuts
  Bailey: 253 daAuts
     D:7: 86 daAuts
